[Event "Team 45 45 League T36 u"]
[Site "Internet Chess Club"]
[Date "2008.01.26"]
[Round "1"]
[White "andreip"]
[Black "Kalhalla"]
[Result "0-1"]
[WhiteElo "2050"]
[BlackElo "1817"]
[Opening "King's Indian: Sämisch, 6...Nc6"]
[ECO "E83"]
[Time "13:14:07"]
[TimeControl "2700+45"]

1. c4 Nf6 2. Nc3 g6 3. d4 Bg7 4. e4 d6 5. f3 O-O 6. Be3 Nc6 7. a3 a6 8. Bd3 Nd7
9. Nge2 e5 10. d5 Ne7 11. Qd2 b6 12. O-O-O Nc5 13. Bc2 Rb8 14. g4 b5 15. b4 Nd7
16. cxb5 axb5 17. Bd3 Ba6 18. a4 bxa4 19. Bxa6 Rxb4 20. Na2 Rb3 21. Bc4 Rb7 22.
Kc2 Nb6 23. Bxb6 cxb6 24. Nec3 Qc7 25. Kd3 Rc8 26. Bb5 Ra7 27. h4 Ra5 28. Rc1 a3
29. Qe3 Qa7 30. Rb1 Rc5 31. Bc4 Nc8 32. Nb5 Qe7 33. Rb3 Ra4 34. Rb4 Ra5 35. g5
Qb7 36. Rhb1 Qd7 37. R1b3 Qh3 38. Rxa3 Rcxb5 39. Rxa5 Rxa5 40. Nc3 Qxh4 41. Na4
Qh1 42. Qe2 Qg1 43. Bb3 b5 44. Nb2 Nb6 45. Qe3 Qf1+ 46. Kc3 Nd7 47. Nd3 Qa1+ 48.
Kc2 Bf8 49. Nb2 Nc5 50. Nd1 Ra3 51. Nc3 Nxb3 52. Rxb3 Rxb3 53. Kxb3 Qa5 54. Qd3
b4 55. Nb5 Be7 56. Qc4 Bxg5 57. Qxb4 Qxb4+ 58. Kxb4 Be7 59. Kc4 h5 60. Kd3 Kg7
61. Ke3 Kh6 62. f4 exf4+ 63. Kxf4 g5+ 64. Kg3 Kg6 65. Nd4 Kf6 66. Kf3 g4+ 67.
Kg3 Kg5 68. Nc6 h4+ 69. Kg2 Bf8 70. e5 dxe5 71. Nxe5 h3+ 72. Kg1 f5 73. Nf7+ Kf6
74. Nd8 g3 75. Ne6 Bd6 76. Kh1 f4 {White resigns} 0-1

[Event "Team 45 45 League T36"]
[Site "Internet Chess Club"]
[Date "2008.01.29"]
[Round "1"]
[White "Fysh"]
[Black "primerpaso"]
[Result "0-1"]
[WhiteElo "1828"]
[BlackElo "1884"]
[Opening "Benoni: classical, 9.O-O"]
[ECO "A73"]
[Time "13:59:31"]
[TimeControl "2700+45"]

1. d4 Nf6 2. c4 e6 3. Nf3 c5 4. d5 exd5 5. cxd5 d6 6. e4 g6 7. Nc3 Bg7 8. Be2
O-O 9. O-O Bg4 10. Nd2 Bxe2 11. Qxe2 Re8 12. f4 a6 13. a4 Nbd7 14. Nc4 Qc7 15.
Re1 Rab8 16. Kh1 b5 17. axb5 axb5 18. Nd2 b4 19. Nb5 Qb6 20. Na7 Rb7 21. Ra6 Qd8
22. Nc6 Qc8 23. Qf2 Nb6 24. b3 Nfd7 25. Qh4 Bf6 26. Qg3 Nb8 27. Nxb8 Qxb8 28.
Nf3 c4 29. e5 Bg7 30. bxc4 Nxc4 31. Re4 Rc8 32. Rc6 Na5 33. exd6 Nxc6 34. dxc6
Rxc6 35. Qe1 Qxd6 36. Re8+ Bf8 37. Ng5 Re7 38. Qxe7 Qxe7 {White resigns} 0-1

[Event "Team 45 45 League T36"]
[Site "Internet Chess Club"]
[Date "2008.01.27"]
[Round "1"]
[White "gugamircea"]
[Black "clarnibass"]
[Result "0-1"]
[WhiteElo "1633"]
[BlackElo "1790"]
[Opening "Sicilian: Najdorf, 7.f4"]
[ECO "B96"]
[Time "11:33:04"]
[TimeControl "2700+45"]

1. e4 c5 2. Nf3 d6 3. d4 cxd4 4. Nxd4 Nf6 5. Nc3 a6 6. Bg5 e6 7. f4 Qc7 8. Be2
Be7 9. O-O Nc6 10. Kh1 Bd7 11. f5 O-O-O 12. Nxc6 Bxc6 13. Qd3 d5 14. Bxf6 Bxf6
15. Qf3 d4 16. Nd1 exf5 17. Qxf5+ Kb8 18. Nf2 Bd7 19. Qf3 Qxc2 20. Rfc1 Qd2 21.
Bxa6 bxa6 22. Qb3+ Bb5 23. a4 Qe2 24. axb5 Qxb5 25. Qxb5+ axb5 26. Nd3 Rc8 27.
Ra5 Rxc1+ 28. Nxc1 Rc8 29. Nd3 Re8 30. Rxb5+ Kc7 31. e5 Bg5 32. g3 Be3 33. Kg2
Ra8 34. Kf3 h5 35. Rc5+ Kd7 36. b4 Ra3 37. Ke4 Ra7 38. b5 g6 39. Rd5+ Kc7 40.
Rd6 Rb7 41. Rc6+ Kd8 42. b6 Rb8 43. Nc5 Bg1 44. h3 d3 45. Rd6+ Ke7 46. Kd5 d2
47. Kc4 Bxc5 48. Kxc5 Rc8+ 49. Kb5 Rd8 50. b7 d1=Q 51. Rxd1 Rxd1 52. Kc6 Rb1 53.
Kc7 Ke6 54. b8=Q Rxb8 55. Kxb8 Kxe5 56. Kc7 Ke4 57. Kd6 Kf3 58. Ke7 f5 59. Kf6
Kxg3 60. Kxg6 f4 61. Kg5 f3 62. h4 f2 63. Kxh5 f1=Q {White resigns} 0-1

[Event "Team 45 45 League T36"]
[Site "Internet Chess Club"]
[Date "2008.01.26"]
[Round "1"]
[White "Vannak1"]
[Black "Victorianum"]
[Result "0-1"]
[WhiteElo "1616"]
[BlackElo "1636"]
[Opening "two knights defense: Ulvestad variation"]
[ECO "C57"]
[Time "12:57:16"]
[TimeControl "2700+45"]

1. e4 e5 2. Nf3 Nc6 3. Bc4 Nf6 4. Ng5 d5 5. exd5 b5 6. dxc6 bxc4 7. Nc3 Bc5 8.
O-O O-O 9. h3 Re8 10. Nge4 Nxe4 11. Nxe4 Bb6 12. a4 a5 13. Ra3 Qd5 14. d3 Qxc6
15. Re1 cxd3 16. Rxd3 Bf5 17. Qf3 Bxe4 18. Rxe4 Re6 19. c3 Rf6 20. Qe2 Rxf2 21.
Qxf2 Bxf2+ 22. Kxf2 Qxe4 23. Re3 Qc2+ {White resigns} 0-1

[Event "Team 45 45 League T36"]
[Site "Internet Chess Club"]
[Date "2008.01.26"]
[Round "1"]
[White "SneakyRed"]
[Black "andrew28"]
[Result "0-1"]
[WhiteElo "1781"]
[BlackElo "1797"]
[Opening "Sicilian: Alapin's variation (2.c3)"]
[ECO "B22"]
[Time "14:10:32"]
[TimeControl "2700+45"]

1. e4 c5 2. c3 d5 3. exd5 Qxd5 4. d4 Nc6 5. Nf3 Bg4 6. Be2 O-O-O 7. O-O e6 8.
Be3 Bd6 9. h3 cxd4 10. cxd4 h5 11. Nc3 Qa5 12. a3 Nf6 13. b4 Qf5 14. Nh4 Bxe2
15. Qxe2 Qh7 16. Rac1 Kb8 17. Nb5 Qe4 18. Nxd6 Rxd6 19. Nf3 Nd5 20. b5 Nce7 21.
Ne5 Qf5 22. Bd2 Nf4 23. Qc4 Rc8 24. Qb4 Rxc1 25. Qxd6+ Rc7 26. Rc1 Ne2+ 27. Kf1
Nxc1 28. Nd7+ Kc8 29. Qxe7 Qxb5+ 30. Kg1 Ne2+ 31. Kh2 Qxd7 32. Qf8+ Qd8 33. Qxg7
Qxd4 34. Be3 Qxg7 {White resigns} 0-1

[Event "Team 45 45 League T36"]
[Site "Internet Chess Club"]
[Date "2008.01.27"]
[Round "1"]
[White "Rainbird"]
[Black "Juan73"]
[Result "0-1"]
[WhiteElo "1746"]
[BlackElo "1736"]
[Opening "QGD: Chigorin defense"]
[ECO "D07"]
[Time "19:25:27"]
[TimeControl "2700+45"]

1. d4 d5 2. c4 Nc6 3. e3 Nf6 4. Nf3 Bg4 5. h3 Bh5 6. Nc3 dxc4 7. Bxc4 e5 8. dxe5
Qxd1+ 9. Nxd1 Bxf3 10. exf6 Bh5 11. fxg7 Bxg7 12. Bd2 O-O-O 13. Bc3 Rhg8 14.
Bxg7 Rxg7 15. Rg1 Ne5 16. Be2 Nf3+ 17. Bxf3 Bxf3 18. g3 f5 19. Nc3 Rgd7 20. Ne2
Bxe2 21. Kxe2 Rd2+ 22. Kf3 Rxb2 23. Rgb1 Rdd2 24. Rxb2 Rxb2 25. a4 Rb4 26. g4
fxg4+ 27. hxg4 Kd7 28. Rh1 Rxa4 29. Rxh7+ Kc6 30. g5 Kd6 31. g6 Ra1 32. Kg2 Ra5
33. f4 Ra2+ 34. Kf3 Ra1 35. f5 Ke5 36. Rf7 Rg1 37. g7 a5 38. f6 a4 39. Re7+ Kxf6
40. g8=Q Rxg8 41. Rxc7 Rb8 42. Kf4 b5 43. Rc6+ Ke7 44. Ke5 b4 45. Rc7+ Kd8 46.
Rh7 Rb6 {White resigns} 0-1

[Event "Team 45 45 League T36"]
[Site "Internet Chess Club"]
[Date "2008.01.27"]
[Round "1"]
[White "Shereshevsky"]
[Black "Konstantinos"]
[Result "0-1"]
[WhiteElo "1465"]
[BlackElo "1626"]
[Opening "QGD Slav: 4.Nc3"]
[ECO "D15"]
[Time "15:02:25"]
[TimeControl "2700+45"]

1. d4 d5 2. Nf3 c6 3. c4 Nf6 4. Nc3 Bg4 5. h3 Bh5 6. e3 Nbd7 7. Be2 e6 8. Qc2
Bg6 9. Bd3 Bxd3 10. Qxd3 dxc4 11. Qxc4 Be7 12. O-O O-O 13. e4 Nb6 14. Qb3 Re8
15. Bg5 Qc7 16. Ne5 Nfd7 17. Bxe7 Rxe7 18. f4 Nxe5 19. fxe5 Rd8 20. Ne2 Red7 21.
Rac1 Nc8 22. d5 exd5 23. exd5 Rxd5 24. e6 fxe6 25. Nf4 Re8 26. Nxd5 exd5 27.
Qxd5+ Kh8 28. Qf7 Qb6+ 29. Kh1 Rg8 30. Rcd1 h6 31. b3 Qb4 32. Rd7 Nd6 33. Qe7
Qb5 34. Rf6 Nf5 35. Qf7 Qf1+ 36. Kh2 Qf4+ 37. Kg1 Qe3+ 38. Kh2 Qf4+ 39. Kg1 Qe3+
40. Kh2 Qe5+ 41. Kg1 Qxf6 42. Qxf6 gxf6 {White resigns} 0-1

[Event "Team 45 45 League T36"]
[Site "Internet Chess Club"]
[Date "2008.01.28"]
[Round "1"]
[White "Boromir"]
[Black "alastorx"]
[Result "1/2-1/2"]
[WhiteElo "1984"]
[BlackElo "1795"]
[Opening "Bird's opening"]
[ECO "A03"]
[Time "15:58:12"]
[TimeControl "2700+45"]

1. f4 d5 2. Nf3 g6 3. e3 Bg7 4. Be2 Nh6 5. O-O O-O 6. d4 c5 7. c3 Bg4 8. Ne5
Bxe2 9. Qxe2 Nd7 10. Qb5 Nxe5 11. fxe5 Qc7 12. Nd2 Rad8 13. Nf3 a6 14. Qe2 Nf5
15. Bd2 Qb6 16. Rab1 Rd7 17. Qe1 e6 18. g4 Ne7 19. Qh4 Nc6 20. Rf2 Qa5 21. a3
Qb5 22. Rg2 Qd3 23. Qe1 Rc8 24. Qf1 Qc2 25. Qd1 Qe4 26. Ng5 Qd3 27. Qf1 Qxf1+
28. Rxf1 Bh6 29. Nf3 Na5 30. g5 Bf8 31. h4 Nc4 32. Bc1 Be7 33. Nh2 Bd8 34. Ng4
Rcc7 35. Rgf2 b5 36. dxc5 Kf8 37. b4 a5 38. Rf4 Ra7 39. e4 dxe4 40. Rxe4 axb4
41. axb4 Bc7 42. Be3 Rd3 43. Bf4 Rxc3 44. Rd4 Nb2 45. Nf6 Nd3 46. Bh2 {Game
drawn by mutual agreement} 1/2-1/2

[Event "Team 45 45 League T36"]
[Site "Internet Chess Club"]
[Date "2008.01.27"]
[Round "1"]
[White "Egmont"]
[Black "ivanson"]
[Result "0-1"]
[WhiteElo "1730"]
[BlackElo "1898"]
[Opening "Ruy Lopez: closed defense"]
[ECO "C84"]
[Time "11:58:28"]
[TimeControl "2700+45"]

1. e4 e5 2. Nf3 Nc6 3. Bb5 a6 4. Ba4 Nf6 5. O-O Be7 6. c3 b5 7. Bc2 O-O 8. d4 d6
9. h3 Bb7 10. Re1 exd4 11. Nxd4 Re8 12. Bf4 Ne5 13. Nd2 c5 14. Nf5 Bf8 15. Bxe5
dxe5 16. c4 Qc7 17. Qe2 Bc6 18. Rad1 Rad8 19. Bd3 Qb7 20. b3 g6 21. Ng3 Rd7 22.
Nf3 Bh6 23. Bc2 Qc7 24. Rxd7 Nxd7 25. Qd3 Nf8 26. Rd1 Ne6 27. Qd6 Qc8 28. Nxe5
Bb7 29. Ng4 Bg7 30. Qd2 Nd4 31. Bd3 h5 32. Ne3 h4 33. Ne2 Bxe4 34. Bxe4 Rxe4 35.
Nxd4 Bxd4 36. Nd5 Qe6 37. Nc7 Qc6 38. Nd5 Kg7 39. Qd3 Re8 40. Qf3 bxc4 41. bxc4
Qa4 42. Qb3 Qd7 43. Qf3 Qa4 44. Qb3 Qxb3 45. axb3 Re2 46. Nc7 a5 47. Nd5 Bxf2+
48. Kf1 Rb2 49. Nf4 Bg3 50. Ne2 Rxb3 51. Nxg3 hxg3 52. Ra1 Rc3 53. Rxa5 Rxc4 54.
Ra3 Rf4+ 55. Ke1 Kf6 56. Rxg3 Ke5 57. Ke2 Kd4 58. Rd3+ Kc4 59. Ra3 Kb4 60. Re3
c4 61. g3 Rf6 62. Re8 Re6+ {White resigns} 0-1

[Event "Team 45 45 League T36"]
[Site "Internet Chess Club"]
[Date "2008.01.28"]
[Round "1"]
[White "PJ"]
[Black "NFK"]
[Result "1-0"]
[WhiteElo "1679"]
[BlackElo "1597"]
[Opening "Ruy Lopez: Berlin defense, Beverwijk variation"]
[ECO "C65"]
[Time "13:56:27"]
[TimeControl "2700+45"]

1. e4 e5 2. Nf3 Nc6 3. Bb5 Nf6 4. O-O Bc5 5. c3 O-O 6. d4 exd4 7. e5 Nd5 8. cxd4
Bb6 9. Nc3 Nxc3 10. bxc3 d6 11. Bf4 dxe5 12. Nxe5 Nxe5 13. Bxe5 Qg5 14. Be2 Be6
15. Bf3 c6 16. Re1 Rad8 17. Qc2 c5 18. Rad1 cxd4 19. Bxd4 Bxd4 20. cxd4 Bd5 21.
Re5 Rc8 22. Rxg5 Rxc2 23. Bxd5 b5 24. Bb3 Re2 25. Re5 {Black resigns} 1-0

[Event "Team 45 45 League T36"]
[Site "Internet Chess Club"]
[Date "2008.01.27"]
[Round "1"]
[White "chinta"]
[Black "nanning"]
[Result "1-0"]
[WhiteElo "1654"]
[BlackElo "1627"]
[Opening "two knights defense: Kieseritsky variation"]
[ECO "C58"]
[Time "13:50:24"]
[TimeControl "2700+45"]

1. e4 e5 2. Nf3 Nc6 3. Bc4 Nf6 4. Ng5 d5 5. exd5 Na5 6. d3 Nxc4 7. dxc4 h6 8.
Nf3 e4 9. Nd4 Bg4 10. Ne2 Bc5 11. a3 a5 12. Nbc3 Qe7 13. O-O Rd8 14. Qe1 O-O 15.
Na4 Ba7 16. Ng3 Rfe8 17. Kh1 e3 18. fxe3 Bxe3 19. Bxe3 Qxe3 20. Qxa5 Ne4 21.
Nxe4 Qxe4 22. Qxc7 Rc8 23. Qxf7+ Kh8 24. Qf4 Qxc2 25. Nb6 Re4 26. Qf2 Re2 27.
Qg3 Rxc4 28. Nxc4 Qxc4 29. Rf4 {Black resigns} 1-0

[Event "Team 45 45 League T36"]
[Site "Internet Chess Club"]
[Date "2008.01.24"]
[Round "1"]
[White "chesskilleruk"]
[Black "MrPetrov"]
[Result "1/2-1/2"]
[WhiteElo "2348"]
[BlackElo "2185"]
[Opening "Petrov: Nimzovich attack"]
[ECO "C42"]
[Time "21:03:45"]
[TimeControl "2700+45"]

1. e4 e5 2. Nf3 Nf6 3. Nxe5 d6 4. Nf3 Nxe4 5. Nc3 Nxc3 6. dxc3 Be7 7. Bf4 O-O 8.
Qd2 Nd7 9. O-O-O Nc5 10. Nd4 Ne6 11. Be3 Nxd4 12. cxd4 c6 13. Bd3 Be6 14. f3 a5
15. Kb1 b5 16. g4 Bc4 17. f4 Bxd3 18. Qxd3 f5 19. Rhg1 Qd7 20. h3 d5 21. Rg2 a4
22. Rdg1 Rae8 23. Bd2 Bf6 24. Bb4 Be7 25. Bd2 Bf6 26. Bb4 Be7 {Game drawn by
mutual agreement} 1/2-1/2

Per a new league policy, the result is being changed to set game.

[Event "Team 45 45 League T36"]
[Site "Internet Chess Club"]
[Date "2008.01.24"]
[Round "1"]
[White "lele"]
[Black "Neo-Myshkin"]
[Result "0-1"]
[WhiteElo "1867"]
[BlackElo "1987"]
[Opening "Queen's pawn"]
[ECO "A40"]
[Time "14:33:26"]
[TimeControl "2700+45"]

1. d4 e6 2. Nf3 b6 3. c4 Bb7 4. Nc3 Bb4 5. Bg5 Ne7 6. e3 h6 7. Bh4 g5 8. Bg3
Bxc3+ 9. bxc3 d6 10. h3 Nbc6 11. d5 Na5 12. e4 Qd7 13. Nd4 e5 14. Nb3 Qa4 15.
Nxa5 Qxa5 16. Qf3 O-O-O 17. Be2 Rdf8 18. O-O f5 19. exf5 Nxf5 20. Qd3 Kb8 21. a4
Bc8 22. Rfb1 e4 23. Qd2 Nxg3 24. fxg3 Qc5+ 25. Qd4 a5 26. Rb5 Qxd4+ 27. cxd4 Ba6
28. Rb2 Rf6 29. c5 Bxe2 30. Rxe2 Re8 31. g4 Rf7 32. Rb1 Ka7 33. cxb6+ cxb6 34.
Rc1 e3 35. Rc6 Rf6 36. Rc7+ Ka6 37. Rc6 Re7 38. Rc3 Rf4 39. Rd3 b5 40. axb5+
Kxb5 41. g3 Rfe4 42. Kg2 Kc4 43. Ra3 Kb4 44. Rd3 a4 45. Kf3 a3 46. h4 a2 47. Rd1
Kc3 48. Rxa2 e2 49. Re1 Kd3 50. Kf2 Rf7+ 51. Kg2 Re3 52. Ra3+ Kxd4 53. Ra2 Kd3
54. Ra3+ Kd2 55. Rxe3 Kxe3 56. Ra1 Kd2 57. Ra2+ Kd3 58. Ra1 Kd4 59. Re1 Re7 60.
Kf2 Kxd5 61. Ra1 e1=Q+ 62. Rxe1 Rxe1 63. Kxe1 Ke4 64. Kf2 Kd3 65. Kf3 d5 66. h5
d4 67. Kf2 Kc2 {White resigns} 0-1

[Event "Team 45 45 League T36"]
[Site "Internet Chess Club"]
[Date "2008.01.27"]
[Round "1"]
[White "Razorbackchess"]
[Black "FiendAngelical"]
[Result "0-1"]
[WhiteElo "1828"]
[BlackElo "1858"]
[Opening "English opening"]
[ECO "A20"]
[Time "18:36:24"]
[TimeControl "2700+45"]

1. c4 e5 2. g3 d6 3. Bg2 Nc6 4. Nc3 f5 5. d3 Nf6 6. e4 g6 7. Nge2 Bg7 8. O-O O-O
9. Nd5 Nb8 10. exf5 gxf5 11. f4 c6 12. Nxf6+ Qxf6 13. Bd2 Be6 14. Bc3 Qe7 15. c5
Nd7 16. cxd6 Qxd6 17. fxe5 Bxe5 18. d4 Bg7 19. Nf4 Bc4 20. Re1 Nf6 21. b3 Bf7
22. Qd2 Rfe8 23. Rxe8+ Rxe8 24. Rd1 Ne4 25. Bxe4 fxe4 26. Re1 c5 27. d5 Bxc3 28.
Qxc3 b5 29. Re3 a6 30. Qe1 Qe5 31. Kg2 Bxd5 32. Qa5 Bb7 33. Qb6 Qd4 34. Re2 Re7
35. Qh6 e3+ 36. Kh3 Bf3 37. Ne6 Qg4# {White checkmated} 0-1

[Event "Team 45 45 League T36"]
[Site "Internet Chess Club"]
[Date "2008.01.26"]
[Round "1"]
[White "syy89"]
[Black "Capamuerte"]
[Result "1/2-1/2"]
[WhiteElo "2070"]
[BlackElo "2208"]
[Opening "Ruy Lopez: Berlin defense, 4.O-O"]
[ECO "C65"]
[Time "20:02:07"]
[TimeControl "2700+45"]

1. e4 e5 2. Nf3 Nc6 3. Bb5 Nf6 4. O-O a6 5. Bxc6 dxc6 6. Nxe5 Bc5 7. Nc3 Bd4 8.
Nf3 Bg4 9. e5 Nd7 10. e6 fxe6 11. h3 Bxf3 12. Qxf3 Ne5 13. Qe4 Qd6 14. Ne2 O-O-O
15. c3 Bb6 16. d4 Nf7 17. Bf4 Qe7 18. b4 g5 19. Be5 Nd6 20. Qd3 Rhg8 21. g3 Rdf8
22. a4 h5 23. c4 Nf7 24. c5 Nxe5 25. dxe5 Ba7 26. Qe4 Rd8 27. Rad1 Kb8 28. Rd4
Ka8 29. Rfd1 Rd5 30. Nc3 Rxd4 31. Qxd4 Qf8 32. Rd3 h4 33. g4 a5 34. Ne4 axb4 35.
Qxb4 Qf4 36. Qd4 Rf8 37. a5 Qc1+ 38. Kg2 Qf4 39. a6 bxa6 40. Qa4 Qxe5 41. Qxc6+
Kb8 42. Rb3+ Kc8 43. Rd3 Kb8 44. Rb3+ Kc8 45. Qa8+ Kd7 46. Qxf8 Qxe4+ 47. Rf3 a5
48. Qg7+ Kc6 49. Qxg5 Bxc5 50. Qf4 Qd5 51. g5 Bd4 52. g6 a4 53. Qg4 a3 54. g7
Bxg7 55. Qxg7 a2 56. Qh8 Kb5 57. Qb8+ Ka4 58. Qa7+ Kb4 59. Qa3+ Kb5 60. Qb2+ Ka5
61. Qc3+ Kb5 62. Qh8 c5 63. Qe8+ Ka5 64. Qb8 Ka4 65. Qa7+ Kb4 66. Qb6+ Ka4 67.
Qa6+ Kb4 68. Qb6+ Ka4 69. Qa6+ Kb4 70. Qb6+ {Game drawn by repetition} 1/2-1/2

[Event "Team 45 45 League T36"]
[Site "Internet Chess Club"]
[Date "2008.01.27"]
[Round "1"]
[White "elnik"]
[Black "andrew28"]
[Result "1-0"]
[WhiteElo "1865"]
[BlackElo "1784"]
[Opening "Robatsch defense: two knights variation"]
[ECO "A40"]
[Time "18:06:27"]
[TimeControl "2700+45"]

1. d4 g6 2. e4 d6 3. Nc3 Bg7 4. Nf3 c5 5. Bc4 Nd7 6. O-O cxd4 7. Nxd4 Ngf6 8.
Be3 O-O 9. f3 a6 10. Qd2 Ne5 11. Bb3 Nfd7 12. Nd5 Nc5 13. Bg5 Nxb3 14. axb3 f6
15. Bh6 e6 16. Bxg7 Kxg7 17. Ne3 Qb6 18. Kh1 Bd7 19. Rfd1 Nf7 20. Nc4 Qc7 21.
Ne2 Bb5 22. Qb4 Rad8 23. Nd4 Rfe8 24. Nxb5 axb5 25. Qxb5 d5 26. exd5 exd5 27.
Rxd5 Qe7 28. h3 Rxd5 29. Qxd5 Rd8 30. Qe4 Qc7 31. Re1 Rd7 32. c3 Qg3 33. Qe2 Ng5
34. Ne3 Qf4 35. Rd1 Rf7 36. Nd5 Qg3 37. Rd4 h5 38. Nb6 Qc7 39. Nd5 Qg3 40. h4
Nh7 41. Re4 Nf8 42. Qe1 Qd6 43. c4 Nd7 44. Re6 Qb8 45. Re7 Ne5 46. Rxf7+ Kxf7
47. Qe3 Qd6 48. Qb6 Qd7 49. Qxf6+ Kg8 50. Qxe5 Qd8 51. Qe6+ Kf8 52. Qf6+ Qxf6
53. Nxf6 Kf7 54. Nd5 Ke6 55. Kh2 b5 56. Kg3 b4 57. Kf4 Kd6 58. Kg5 Ke5 59. Kxg6
Ke6 60. f4 Kd7 61. f5 {Black resigns} 1-0

[Event "Team 45 45 League T36"]
[Site "Internet Chess Club"]
[Date "2008.01.25"]
[Round "1"]
[White "Bumaye"]
[Black "zeigmata"]
[Result "0-1"]
[WhiteElo "2233"]
[BlackElo "2285"]
[Opening "Ruy Lopez: Wormald (Alapin) attack"]
[ECO "C77"]
[Time "17:00:39"]
[TimeControl "2700+45"]

1. e4 e5 2. Nf3 Nc6 3. Bb5 a6 4. Ba4 Nf6 5. Qe2 b5 6. Bb3 Bc5 7. d3 d6 8. c3 h6
9. O-O O-O 10. Be3 Qe7 11. Nbd2 Na5 12. Bc2 Bxe3 13. fxe3 c5 14. d4 Bd7 15. Nh4
g6 16. Qf3 Kg7 17. Rae1 Rab8 18. Re2 b4 19. Ref2 Ng4 20. Qg3 Nxf2 21. Nf5+ Bxf5
22. exf5 g5 23. f6+ Qxf6 24. Rxf2 Qe7 25. Qh3 f5 26. Rxf5 bxc3 27. Nf3 e4 28.
Rd5 exf3 {White resigns} 0-1

[Event "Team 45 45 League T36"]
[Site "Internet Chess Club"]
[Date "2008.01.25"]
[Round "1"]
[White "ThuG"]
[Black "zenith"]
[Result "0-1"]
[WhiteElo "2233"]
[BlackElo "2273"]
[Opening "Caro-Kann: classical, Spassky variation"]
[ECO "B18"]
[Time "14:16:44"]
[TimeControl "2700+45"]

1. e4 c6 2. d4 d5 3. Nc3 dxe4 4. Nxe4 Bf5 5. Ng3 Bg6 6. Nf3 Nd7 7. h4 h6 8. h5
Bh7 9. Bd3 Bxd3 10. Qxd3 e6 11. Bf4 Qa5+ 12. c3 Ngf6 13. Ne4 Nxe4 14. Qxe4 Nf6
15. Qe5 {White disconnected and forfeits} 0-1

[Event "Team 45 45 League T36"]
[Site "Internet Chess Club"]
[Date "2008.01.28"]
[Round "1"]
[White "playwaycool05"]
[Black "Ozgur-Bjk"]
[Result "1/2-1/2"]
[WhiteElo "2264"]
[BlackElo "2147"]
[Opening "Queen's gambit declined"]
[ECO "D30"]
[Time "04:07:25"]
[TimeControl "2700+45"]

1. d4 d5 2. c4 e6 3. Nf3 Nf6 4. e3 Be7 5. Nc3 O-O 6. Ne5 Nbd7 7. f4 c5 8. Bd3
cxd4 9. exd4 dxc4 10. Bxc4 Nb6 11. Bd3 Nbd5 12. O-O b6 13. Rf3 g6 14. a3 Nxc3
15. bxc3 Bb7 16. Rh3 Be4 17. Qe2 Bxd3 18. Qxd3 Rc8 19. Bd2 Qd5 20. c4 Qe4 21.
Qxe4 Nxe4 22. Bb4 Rfe8 23. Re3 Nd6 24. c5 Nf5 25. Rd3 a5 26. g4 Nxd4 27. cxb6
axb4 28. b7 Rc7 29. axb4 Rxb7 30. Rxd4 Rxb4 31. Rxb4 Bxb4 32. Kg2 Bc3 33. Rc1
Bxe5 34. fxe5 Rd8 35. Kf3 Rd5 36. Re1 Kg7 37. g5 {Game drawn by mutual
agreement} 1/2-1/2

[Event "Team 45 45 League T36"]
[Site "Internet Chess Club"]
[Date "2008.01.27"]
[Round "1"]
[White "EUPHRATES"]
[Black "Scotty2Cues"]
[Result "1-0"]
[WhiteElo "2105"]
[BlackElo "2059"]
[Opening "Trompowsky attack (Ruth, Opocenský opening)"]
[ECO "A45"]
[Time "11:03:55"]
[TimeControl "2700+45"]

1. d4 Nf6 2. Bg5 Ne4 3. Bf4 g5 4. Be5 f6 5. e3 h5 6. Be2 g4 7. f3 Nf2 8. Kxf2
fxe5 9. Qd3 Rh6 10. fxg4 hxg4 11. Bxg4 Bg7 12. Nf3 e6 13. Rf1 Qe7 14. Kg1 Nc6
15. c3 d5 16. Qe2 Bd7 17. Nbd2 O-O-O 18. Rf2 e4 19. Ne1 Rdh8 20. h3 Qd6 21. Rf7
Bf8 22. Qf2 Be8 23. Rf6 Nd8 24. c4 Qe7 25. Rxh6 Bxh6 26. cxd5 Rf8 27. Qg3 Bg6
28. Rc1 Kb8 29. dxe6 Nxe6 30. Bxe6 Qxe6 31. Qxc7+ Ka8 32. Qg3 Bh5 33. Nf1 Be2
34. Nh2 a6 35. b3 Rg8 36. Qf2 Bh5 37. Kh1 Qd6 38. Rc5 Qg6 39. g4 Rf8 40. Qe2 Qd6
41. Rxh5 Qg3 42. Nf1 Qd6 43. Rf5 Rh8 44. Qh2 Qb4 45. Ng2 Bf8 46. h4 Bd6 47. Qg1
Qc3 48. Qf2 Ka7 49. g5 Qc8 50. g6 Qg8 51. Rg5 Be7 52. Rg4 Qe6 53. g7 Rg8 54. Qf4
Bd6 55. Qxe4 Qf7 56. Nf4 Rxg7 57. Rxg7 Qxg7 58. Qg6 Qc7 59. Qe4 Qd8 60. Nd5 Qf8
61. Kg2 Qg8+ 62. Kf2 Qf7+ 63. Nf4 Qf6 64. Kg3 Qg7+ 65. Kf2 Qf6 66. h5 Qh4+ 67.
Ng3 Qh2+ 68. Kf3 Qxa2 69. h6 Qxb3 70. h7 Qd1+ 71. Nfe2 Bxg3 {Black resigns} 1-0

[Event "Team 45 45 League T36"]
[Site "Internet Chess Club"]
[Date "2008.01.27"]
[Round "1"]
[White "WesleyCrusher"]
[Black "iwulu"]
[Result "0-1"]
[WhiteElo "2124"]
[BlackElo "2318"]
[Opening "Scandinavian (center counter) defense"]
[ECO "B01"]
[Time "11:01:55"]
[TimeControl "2700+45"]

1. e4 d5 2. e5 c5 3. c3 Bf5 4. Qa4+ Nc6 5. d4 e6 6. Nf3 Qb6 7. Qb5 f6 8. Qxb6
axb6 9. Na3 c4 10. Nb5 Ra5 11. a4 Bc2 12. b4 Rxa4 13. Rxa4 Bxa4 14. Na3 Nge7 15.
Be2 Ng6 16. exf6 gxf6 17. Bd1 Bxd1 18. Kxd1 Kd7 19. Re1 Bg7 20. h4 h5 21. g3 Na7
22. Be3 Nc8 23. Ng1 Nd6 24. Ne2 Ra8 25. Nc2 Nf5 26. Nf4 Nxf4 27. Bxf4 Bf8 28.
Kc1 Bd6 29. Bxd6 Nxd6 30. Kb2 Ne4 31. Re2 Ra2+ {White resigns} 0-1

[Event "Team 45 45 League T36"]
[Site "Internet Chess Club"]
[Date "2008.01.25"]
[Round "1"]
[White "spacecadet"]
[Black "zamolxis"]
[Result "1/2-1/2"]
[WhiteElo "2132"]
[BlackElo "2067"]
[Opening "Sicilian: Smith-Morra gambit"]
[ECO "B21"]
[Time "21:11:28"]
[TimeControl "2700+45"]

1. e4 c5 2. d4 cxd4 3. c3 d5 4. exd5 Qxd5 5. cxd4 Nc6 6. Nf3 e5 7. Nc3 Bb4 8.
Bd2 Bxc3 9. Bxc3 e4 10. Nd2 Nf6 11. Bc4 Qg5 12. Nf1 Qxg2 13. Ng3 Bg4 14. Qb3 O-O
15. Bf1 Qf3 16. Be2 Qf4 17. Qxb7 Bxe2 18. Nxe2 Qf3 19. Rg1 Rfc8 20. d5 Rab8 21.
Qa6 Ng4 22. Rxg4 Qxg4 23. dxc6 Rb6 24. Qxa7 Rbxc6 25. Qd4 f6 26. Qd5+ Kh8 27.
O-O-O h6 28. Ng3 Qf4+ 29. Qd2 Qe5 30. Ne2 Qxh2 31. Nf4 Rc5 32. Ne6 e3 33. Qd7
Rxc3+ 34. bxc3 Rg8 35. fxe3 Qxa2 36. Nf4 Rb8 37. Ng6+ Kh7 38. Nf8+ Rxf8 39. Rd2
Qc4 40. Qd3+ Qxd3 41. Rxd3 h5 42. c4 Rc8 43. Rc3 h4 44. e4 g5 45. Kd2 g4 46. Ke3
Kg6 47. Kf4 Kh5 48. c5 h3 49. Kg3 Rc6 50. Rc4 Kg5 51. Rc3 h2 52. Kxh2 Kf4 53.
Kg2 Kxe4 54. Rc4+ Ke3 55. Rxg4 Rxc5 56. Ra4 f5 57. Ra3+ Ke4 58. Ra4+ Ke5 59. Kf3
Rc3+ 60. Kf2 f4 61. Ra5+ Ke4 62. Ra4+ Kf5 63. Ra8 Ke4 64. Ra4+ Ke5 65. Ra5+ Ke4
66. Ra4+ Kf5 67. Ra8 {Game drawn by mutual agreement} 1/2-1/2

[Event "Team 45 45 League T36"]
[Site "Internet Chess Club"]
[Date "2008.01.28"]
[Round "1"]
[White "searchforbobby1"]
[Black "Holzschlange"]
[Result "1/2-1/2"]
[WhiteElo "2086"]
[BlackElo "1950"]
[Opening "Center game: Paulsen attack"]
[ECO "C22"]
[Time "22:30:29"]
[TimeControl "2700+45"]

1. e4 e5 2. d4 exd4 3. Qxd4 Nc6 4. Qe3 g6 5. Nc3 Bg7 6. Bd2 Nf6 7. O-O-O O-O 8.
h4 h5 9. Bc4 Re8 10. Qf4 Ne5 11. Bb3 b5 12. Nxb5 a5 13. a4 Ba6 14. Bc3 Nfg4 15.
Nf3 Bxb5 16. Bxe5 Nxe5 17. Nxe5 Rxe5 18. Qxf7+ Kh7 19. axb5 d6 20. Qc4 Qf6 21.
c3 Rc5 22. Qa4 Rb8 23. Rd5 Rbxb5 24. Rxc5 Rxc5 25. f3 c6 26. Kb1 Kh8 27. Bc2 Kh7
28. Rd1 Rb5 29. Bb3 Qxh4 30. Rxd6 Qh1+ 31. Ka2 Qxg2 32. Rxc6 Rb7 33. Qc4 h4 34.
Qg8+ Kh6 35. Qd8 {Game drawn by mutual agreement} 1/2-1/2